[Event "7th Paul Keres Memorial Festival 2026 Rapid"]
[Site "ESTONIA Resort Hotel & Spa conference center, EE"]
[Date "2026.08.02"]
[Round "4"]
[White "Jakubowski, Krzysztof"]
[Black "Laurusas, Tomas"]
[Result "0-1"]
[Board "2"]
[TimeControl "12+3"]
[WhiteFideId "1112848"]
[BlackFideId "12803731"]
[WhiteElo "2365"]
[BlackElo "2462"]
[WhiteTitle "GM"]
[BlackTitle "GM"]
[WhiteClock "0:00:20"]
[BlackClock "0:04:03"]
[Variant "Standard"]
[EndDate "2026.08.02"]
[EndTime "09:47:19"]

1. e4 c6 2. d4 d5 3. e5 Bf5 4. Nc3 e6 5. g4 Bg6 6. Nge2 c5 7. h4 cxd4 8. Nxd4 h5 9. Bg5 Be7 10. Ncb5 hxg4 11. Nd6+ Kf8 12. f4 Nc6 13. Nxc6 bxc6 14. Qxg4 Qa5+ 15. c3 Bxd6 16. exd6 f6 17. Bxf6 Nxf6 18. Qxg6 Rb8 19. Rg1 Rb7 20. Bd3 Qb6 21. Rg2 Qe3+ 22. Re2 Qxf4 23. Rf2 Qxh4 24. b4 Rh5 25. Be2 Rf5 0-1

[Event "7th Paul Keres Memorial Festival 2026 Rapid"]
[Site "ESTONIA Resort Hotel & Spa conference center, EE"]
[Date "2026.08.02"]
[Round "4"]
[White "Keinanen, Toivo"]
[Black "Maltsevskaya, Aleksandra"]
[Result "1-0"]
[Board "3"]
[TimeControl "12+3"]
[WhiteFideId "509825"]
[BlackFideId "24174041"]
[WhiteElo "2585"]
[BlackElo "2369"]
[WhiteTitle "IM"]
[BlackTitle "IM"]
[WhiteClock "0:02:14"]
[BlackClock "0:01:40"]
[Variant "Standard"]
[EndDate "2026.08.02"]
[EndTime "09:47:37"]

1. d4 Nf6 2. Nf3 e6 3. e3 b6 4. Bd3 Bb7 5. O-O Be7 6. c4 c5 7. Nc3 cxd4 8. exd4 d5 9. cxd5 Nxd5 10. Ne5 O-O 11. Qg4 f5 12. Qe2 Bf6 13. Bc4 Nd7 14. Nc6 Bxc6 15. Qxe6+ Kh8 16. Qxc6 Ne7 17. Qd6 Rc8 18. Be6 Nb8 19. Qg3 Rc6 20. d5 Rc5 21. Be3 f4 22. Bxf4 Bxc3 23. bxc3 Nxd5 24. Be5 Nf6 25. Rfe1 Nc6 26. Bd6 Nh5 27. Bxf8 Nxg3 28. Bxc5 bxc5 29. Bf7 Ne7 30. hxg3 g6 31. Rad1 Qf8 32. Rd7 1-0

[Event "7th Paul Keres Memorial Festival 2026 Rapid"]
[Site "ESTONIA Resort Hotel & Spa conference center, EE"]
[Date "2026.08.02"]
[Round "4"]
[White "Dubrovin, Robert"]
[Black "Kazakouski, Valery"]
[Result "0-1"]
[Board "4"]
[TimeControl "12+3"]
[WhiteFideId "4501829"]
[BlackFideId "13507443"]
[WhiteElo "2268"]
[BlackElo "2528"]
[BlackTitle "GM"]
[WhiteClock "0:00:04"]
[BlackClock "0:00:55"]
[Variant "Standard"]
[EndDate "2026.08.02"]
[EndTime "09:51:53"]

1. d4 Nf6 2. c4 e6 3. Nc3 Bb4 4. e3 b6 5. Bd3 Bb7 6. Nf3 O-O 7. O-O Bxc3 8. bxc3 c5 9. Nd2 Nc6 10. Nb3 d6 11. e4 e5 12. d5 Ne7 13. g3 Ne8 14. f4 exf4 15. gxf4 f5 16. Nd2 fxe4 17. Nxe4 h6 18. Ng3 Nf6 19. Qe2 Qd7 20. f5 b5 21. cxb5 Nexd5 22. Qe6+ Qxe6 23. fxe6 Rae8 24. c4 Nc7 25. Nf5 Rxe6 26. Bb2 Ne4 27. h4 Nd2 28. Rf4 Rg6+ 29. Kh2 Re8 30. Ne7+ Rxe7 31. Bxg6 Re2+ 32. Kh3 Re3+ 33. Kh2 Nf3+ 34. Kg3 Nd4+ 35. Kg4 Bc8+ 36. Bf5 Nxf5 37. Rd1 Rg3+ 0-1

[Event "7th Paul Keres Memorial Festival 2026 Rapid"]
[Site "ESTONIA Resort Hotel & Spa conference center, EE"]
[Date "2026.08.02"]
[Round "4"]
[White "Harikrishnan.A.Ra"]
[Black "Beniosev, Daniel"]
[Result "1-0"]
[Board "5"]
[TimeControl "12+3"]
[WhiteFideId "5081483"]
[BlackFideId "11632674"]
[WhiteElo "2404"]
[BlackElo "2223"]
[WhiteTitle "GM"]
[BlackTitle "CM"]
[WhiteClock "0:03:23"]
[BlackClock "0:05:00"]
[Variant "Standard"]
[EndDate "2026.08.02"]
[EndTime "09:43:09"]

1. d4 Nf6 2. Bf4 d5 3. e3 c5 4. c3 Nc6 5. Nd2 cxd4 6. exd4 Bf5 7. Ngf3 e6 8. Bb5 a6 9. Bxc6+ bxc6 10. Ne5 Qb6 11. Qb3 Qb5 12. a4 Qxb3 13. Nxb3 Rc8 14. Nc5 Bxc5 15. dxc5 Ne4 16. g4 Bg6 17. Be3 f6 18. Nxg6 hxg6 19. f3 Ng5 20. Kf2 Nh3+ 21. Kg2 g5 22. b4 Nf4+ 23. Kf2 e5 24. Bxf4 gxf4 25. h4 Kf7 26. h5 g6 27. Rh2 gxh5 28. Rxh5 Rxh5 29. gxh5 Rh8 30. Rh1 f5 31. h6 Kg6 32. h7 e4 33. b5 1-0

[Event "7th Paul Keres Memorial Festival 2026 Rapid"]
[Site "ESTONIA Resort Hotel & Spa conference center, EE"]
[Date "2026.08.02"]
[Round "4"]
[White "Mucenieks, Marks"]
[Black "Lagarde, Maxime"]
[Result "0-1"]
[Board "6"]
[TimeControl "12+3"]
[WhiteFideId "11622660"]
[BlackFideId "662399"]
[WhiteElo "1925"]
[BlackElo "2599"]
[BlackTitle "GM"]
[WhiteClock "0:00:06"]
[BlackClock "0:04:04"]
[Variant "Standard"]
[EndDate "2026.08.02"]
[EndTime "09:47:39"]

1. d4 f5 2. Nf3 Nf6 3. g3 g6 4. Bg2 Bg7 5. O-O O-O 6. b4 Nc6 7. a3 d6 8. Bb2 e6 9. Nbd2 h6 10. Re1 Ne4 11. c4 g5 12. Qc2 Nxd2 13. Qxd2 g4 14. Nh4 Qg5 15. e3 Bf6 16. d5 Ne5 17. f4 gxf3 18. Nxf3 Nxf3+ 19. Bxf3 Bxb2 20. Qxb2 e5 21. c5 f4 22. exf4 Rxf4 23. Bg2 Rf7 24. Rf1 Bf5 25. Qe2 Raf8 26. Be4 Bh3 27. Bg2 Bg4 28. Qe4 Bf5 29. Qe2 h5 30. Be4 Bh3 31. Bg2 Bg4 32. Qe4 Bf5 33. Qe2 h4 34. gxh4 Qxh4 35. Kh1 Rh7 36. Bf3 Bd3 37. Rg1+ Kh8 38. Qg2 e4 39. Be2 Bxe2 40. Qxe2 Rf2 41. Qxf2 Qxf2 42. Rg2 Qf3 0-1

[Event "7th Paul Keres Memorial Festival 2026 Rapid"]
[Site "ESTONIA Resort Hotel & Spa conference center, EE"]
[Date "2026.08.02"]
[Round "4"]
[White "Fridman, Daniel"]
[Black "Kavalnis, Rytis"]
[Result "1-0"]
[Board "7"]
[TimeControl "12+3"]
[WhiteFideId "11600454"]
[BlackFideId "12841870"]
[WhiteElo "2555"]
[BlackElo "2092"]
[WhiteTitle "GM"]
[WhiteClock "0:00:20"]
[BlackClock "0:00:04"]
[Variant "Standard"]
[EndDate "2026.08.02"]
[EndTime "09:54:54"]

1. d4 d5 2. Nf3 Nf6 3. c4 e6 4. g3 Be7 5. Bg2 O-O 6. Nc3 c6 7. O-O b6 8. b3 Bb7 9. Qc2 Nbd7 10. Rd1 a5 11. e4 Rc8 12. h4 Ba6 13. e5 Ne8 14. Ng5 g6 15. cxd5 cxd5 16. Qd2 Ng7 17. Nf3 Nf5 18. Bb2 Rc6 19. Bf1 Bxf1 20. Rxf1 Qc7 21. Nb5 Qb7 22. Rac1 Rfc8 23. Rxc6 Rxc6 24. Kg2 h5 25. a4 Nb8 26. Ne1 Na6 27. Nc2 Nb4 28. Nxb4 Bxb4 29. Qd3 Qe7 30. Bc1 Qd7 31. Bg5 Be7 32. Bf4 Bb4 33. Rh1 Be7 34. Bd2 Qb7 35. Kf1 Rc8 36. Ke2 Qd7 37. Rb1 Bb4 38. Bxb4 axb4 39. Qd2 Qc6 40. Kd1 Qd7 41. Qxb4 Nh6 42. Qd2 Nf5 43. Rc1 f6 44. Rxc8+ Qxc8 45. exf6 Qd8 46. Qg5 Kf7 47. Kd2 Nd6 48. Nc3 b5 49. Qh6 Qxf6 50. Qe3 bxa4 51. Nxa4 Ke7 52. Nc5 Qf5 53. Ke2 Qc2+ 54. Kf1 Qb1+ 55. Kg2 Qf5 56. Qh6 Qf7 57. Qg5+ Qf6 58. b4 Nb5 59. Nb3 Qxg5 60. hxg5 Kd6 61. f4 Na3 62. Kf2 Nc2 63. b5 Na3 64. b6 Kc6 65. Nc5 Kxb6 66. Nxe6 Kc6 67. Nf8 Nc2 68. Nxg6 Kd6 69. f5 Nxd4 70. f6 Ke6 71. Nf4+ Kf7 72. g4 hxg4 73. Kg3 Nc6 74. Kxg4 d4 75. Kf5 d3 76. g6+ Kg8 77. f7+ 1-0

[Event "7th Paul Keres Memorial Festival 2026 Rapid"]
[Site "ESTONIA Resort Hotel & Spa conference center, EE"]
[Date "2026.08.02"]
[Round "4"]
[White "Krivonosov, Oleg"]
[Black "Povilaitis, Tomas"]
[Result "1/2-1/2"]
[Board "8"]
[TimeControl "12+3"]
[WhiteFideId "11600349"]
[BlackFideId "12811700"]
[WhiteElo "2358"]
[BlackElo "2154"]
[WhiteTitle "IM"]
[WhiteClock "0:11:49"]
[BlackClock "0:08:35"]
[Variant "Standard"]
[EndDate "2026.08.02"]
[EndTime "09:29:15"]

1. Nf3 d5 2. d4 Nf6 3. c4 e6 4. g3 Be7 5. Bg2 O-O 6. O-O dxc4 7. Qa4 a6 8. Qxc4 b5 9. Qc2 Bb7 10. Bg5 Be4 11. Qd2 Nbd7 12. Nc3 Bb7 13. Rfd1 h6 14. Bxf6 Nxf6 15. Rac1 c5 16. dxc5 Bxc5 17. Qxd8 Rfxd8 18. Ne5 Bxg2 1/2-1/2

[Event "7th Paul Keres Memorial Festival 2026 Rapid"]
[Site "ESTONIA Resort Hotel & Spa conference center, EE"]
[Date "2026.08.02"]
[Round "4"]
[White "Platonovs, Nikolajs"]
[Black "Shishkov, Andrei"]
[Result "1-0"]
[Board "9"]
[TimeControl "12+3"]
[WhiteFideId "11622598"]
[BlackFideId "4500563"]
[WhiteElo "2188"]
[BlackElo "2288"]
[WhiteTitle "CM"]
[BlackTitle "IM"]
[WhiteClock "0:00:10"]
[BlackClock "0:00:15"]
[Variant "Standard"]
[EndDate "2026.08.02"]
[EndTime "09:55:13"]

1. e4 c6 2. d4 d5 3. Nc3 dxe4 4. Nxe4 Bf5 5. Ng3 Bg6 6. N1e2 Nd7 7. Nf4 e5 8. Nxg6 hxg6 9. dxe5 Qa5+ 10. c3 Qxe5+ 11. Qe2 O-O-O 12. Qxe5 Nxe5 13. Be2 f5 14. O-O Nf6 15. Rd1 Bd6 16. Bg5 Rhe8 17. Re1 Nf7 18. Bxf6 gxf6 19. Bf1 Ne5 20. Rad1 Bc5 21. h3 a5 22. Be2 Kc7 23. Nf1 Rd7 24. Rd3 Rxd3 25. Rd1 Nf7 26. Bxd3 Ne5 27. Be2 Nf7 28. Bd3 b5 29. Nd2 Nd6 30. Kf1 Rd8 31. Ke2 g5 32. Nf3 Re8+ 33. Kf1 Ne4 34. Bxe4 fxe4 35. Nd4 Bxd4 36. Rxd4 Re5 37. Ke2 c5 38. Rd1 f5 39. g3 f4 40. gxf4 gxf4 41. Rg1 Kd6 42. Rg4 Rf5 43. b3 Kd5 44. h4 b4 45. cxb4 axb4 46. Rg8 Kd4 47. Rg1 Rh5 48. Rg4 Rf5 49. Kd2 Rd5 50. Rg8 Ke5+ 51. Ke1 Rd3 52. Rg5+ Kd4 53. Rg4 Rf3 54. h5 e3 55. h6 exf2+ 56. Kf1 Ke3 57. Rh4 Rg3 58. Rh1 Rg8 59. h7 Rh8 60. Rh3+ f3 61. Rh6 Rd8 62. Re6+ Kf4 63. Rf6+ Kg3 64. Rg6+ Kf4 65. Rf6+ Ke4 66. Re6+ Kf5 67. Rh6 Rh8 68. Kxf2 Ke4 69. Rh4+ Kd3 70. Kxf3 Kc3 71. Ke3 Kb2 72. Rh2+ Kc3 73. Ke4 c4 74. bxc4 Kxc4 75. Ke5 Kb5 76. Kf6 1-0

[Event "7th Paul Keres Memorial Festival 2026 Rapid"]
[Site "ESTONIA Resort Hotel & Spa conference center, EE"]
[Date "2026.08.02"]
[Round "5"]
[White "Laurusas, Tomas"]
[Black "Harikrishnan.A.Ra"]
[Result "1-0"]
[Board "1"]
[TimeControl "12+3"]
[WhiteFideId "12803731"]
[BlackFideId "5081483"]
[WhiteElo "2462"]
[BlackElo "2404"]
[WhiteTitle "GM"]
[BlackTitle "GM"]
[WhiteClock "0:01:53"]
[BlackClock "0:01:58"]
[Variant "Standard"]
[EndDate "2026.08.02"]
[EndTime "10:24:59"]

1. d4 d5 2. c4 c6 3. Nf3 Nf6 4. Nc3 dxc4 5. a4 Bf5 6. Ne5 Nbd7 7. Nxc4 Qc7 8. g3 e5 9. dxe5 Nxe5 10. Bf4 Nfd7 11. Bg2 g5 12. Ne3 gxf4 13. Nxf5 O-O-O 14. Qc2 fxg3 15. hxg3 Kb8 16. a5 a6 17. O-O h5 18. Ne4 h4 19. Nxh4 Rxh4 20. gxh4 Ng4 21. Rfd1 Qh2+ 22. Kf1 f5 23. Ng5 Qxh4 24. Qxf5 Bc5 25. Rxd7 Rxd7 26. Qxc5 Rd4 27. Ne4 Rd5 28. Qf8+ Ka7 29. b4 Qh5 30. Qf4 Qh4 31. Kg1 Qh8 32. Re1 Qg7 33. Qg3 Qd7 34. Nc5 Qg7 35. Bxd5 1-0

[Event "7th Paul Keres Memorial Festival 2026 Rapid"]
[Site "ESTONIA Resort Hotel & Spa conference center, EE"]
[Date "2026.08.02"]
[Round "5"]
[White "Kazakouski, Valery"]
[Black "Keinanen, Toivo"]
[Result "1-0"]
[Board "2"]
[TimeControl "12+3"]
[WhiteFideId "13507443"]
[BlackFideId "509825"]
[WhiteElo "2528"]
[BlackElo "2585"]
[WhiteTitle "GM"]
[BlackTitle "IM"]
[WhiteClock "0:05:32"]
[BlackClock "0:03:16"]
[Variant "Standard"]
[EndDate "2026.08.02"]
[EndTime "10:19:59"]

1. d4 d5 2. c4 e6 3. Nc3 Be7 4. cxd5 exd5 5. Bf4 Nf6 6. e3 Bf5 7. Qb3 Nc6 8. g4 Nxg4 9. Qxd5 Qc8 10. a3 O-O 11. Nge2 Nf6 12. Qf3 Na5 13. e4 Bg4 14. Qg2 c5 15. d5 Nb3 16. Rd1 Nd4 17. Nxd4 cxd4 18. Rxd4 Nh5 19. Be3 g6 20. Rc4 Qd7 21. h3 Be6 22. Be2 1-0

[Event "7th Paul Keres Memorial Festival 2026 Rapid"]
[Site "ESTONIA Resort Hotel & Spa conference center, EE"]
[Date "2026.08.02"]
[Round "5"]
[White "Platonovs, Nikolajs"]
[Black "Shirov, Alexei"]
[Result "0-1"]
[Board "3"]
[TimeControl "12+3"]
[WhiteFideId "11622598"]
[BlackFideId "2209390"]
[WhiteElo "2188"]
[BlackElo "2616"]
[WhiteTitle "CM"]
[BlackTitle "GM"]
[WhiteClock "0:00:04"]
[BlackClock "0:00:05"]
[Variant "Standard"]
[EndDate "2026.08.02"]
[EndTime "10:30:45"]

1. e4 c5 2. Nf3 e6 3. d4 cxd4 4. Nxd4 Nc6 5. Nc3 a6 6. Be3 Nf6 7. f3 d5 8. exd5 Nxd5 9. Nxd5 Qxd5 10. Qd2 Bd7 11. Be2 O-O-O 12. Nxc6 Qxd2+ 13. Bxd2 Bxc6 14. O-O-O Bc5 15. Bc3 f6 16. Bd3 Kc7 17. Rhe1 e5 18. Be4 Rxd1+ 19. Rxd1 Be3+ 20. Bd2 Bxd2+ 21. Rxd2 Bxe4 22. fxe4 h5 23. Rd3 h4 24. Rc3+ Kd6 25. Kd2 g6 26. Rb3 b5 27. Ra3 Ra8 28. Rh3 g5 29. Rf3 Ke6 30. Rc3 Rd8+ 31. Ke3 Rd6 32. Rc8 Kf7 33. c4 bxc4 34. Rxc4 g4 35. b4 Rd1 36. a4 Rb1 37. a5 Rb3+ 38. Ke2 Rb2+ 39. Kf1 Kg6 40. Rc6 Rxb4 41. Rxa6 Rxe4 42. Ra8 Ra4 43. a6 Kf5 44. a7 Ra2 45. g3 h3 46. Kg1 Ke4 47. Rf8 Rxa7 48. Rxf6 Ra1+ 49. Kf2 Rh1 0-1

[Event "7th Paul Keres Memorial Festival 2026 Rapid"]
[Site "ESTONIA Resort Hotel & Spa conference center, EE"]
[Date "2026.08.02"]
[Round "5"]
[White "Lagarde, Maxime"]
[Black "Zatonskih, Anna"]
[Result "1-0"]
[Board "4"]
[TimeControl "12+3"]
[WhiteFideId "662399"]
[BlackFideId "14101572"]
[WhiteElo "2599"]
[BlackElo "2294"]
[WhiteTitle "GM"]
[BlackTitle "IM"]
[WhiteClock "0:03:03"]
[BlackClock "0:00:13"]
[Variant "Standard"]
[EndDate "2026.08.02"]
[EndTime "10:25:29"]

1. e4 e6 2. d3 d5 3. Nd2 Nc6 4. Ngf3 e5 5. c3 dxe4 6. dxe4 Bd6 7. Be2 Nf6 8. Qc2 a5 9. Nc4 h6 10. a4 O-O 11. h3 Re8 12. g4 Nh7 13. Ne3 Ne7 14. h4 Ng6 15. Nf5 Nf4 16. Bxf4 exf4 17. O-O-O Bd7 18. Bc4 Bc6 19. Rhe1 Nf6 20. Qb3 Qd7 21. g5 Bxa4 22. Bxf7+ Qxf7 23. Qxa4 b5 24. Qd4 Nxe4 25. Nxh6+ gxh6 26. Rxe4 Rxe4 27. Qxe4 Re8 28. Qd3 b4 29. gxh6 Qf6 30. Rg1+ Kh8 31. Rg6 Qe7 1-0

[Event "7th Paul Keres Memorial Festival 2026 Rapid"]
[Site "ESTONIA Resort Hotel & Spa conference center, EE"]
[Date "2026.08.02"]
[Round "5"]
[White "Mayorau, Mikita"]
[Black "Fridman, Daniel"]
[Result "1/2-1/2"]
[Board "5"]
[TimeControl "12+3"]
[WhiteFideId "13501720"]
[BlackFideId "11600454"]
[WhiteElo "2392"]
[BlackElo "2555"]
[WhiteTitle "GM"]
[BlackTitle "GM"]
[WhiteClock "0:00:33"]
[BlackClock "0:00:31"]
[Variant "Standard"]
[EndDate "2026.08.02"]
[EndTime "10:35:10"]

1. d4 d5 2. c4 e6 3. Nc3 c5 4. cxd5 cxd4 5. Qa4+ Bd7 6. Qxd4 exd5 7. Qxd5 Nf6 8. Qd1 Bc5 9. Nf3 Nc6 10. a3 O-O 11. e3 Qe7 12. Be2 Rfd8 13. Qc2 Rac8 14. O-O Bd6 15. Rd1 Ne5 16. Bd2 Nxf3+ 17. Bxf3 Qe5 18. g3 Ng4 19. Be1 Qh5 20. h4 Bc6 21. Qe2 f5 22. Bd5+ Kh8 23. Bxc6 Rxc6 24. Rd5 Qg6 25. Rad1 Re8 26. e4 Bc5 27. Rxf5 Nf6 28. Rg5 Qf7 29. Qf3 h6 30. Rf5 Qe6 31. Bd2 g6 32. Rf4 Nh5 33. Rf7 Kg8 34. Rxb7 Rf8 35. Bf4 Rb6 36. Rxb6 Bxb6 37. Ne2 Nf6 38. e5 Ng4 39. Qd5 Qxd5 40. Rxd5 Nxf2 41. Kg2 Ng4 42. Rd6 g5 43. hxg5 hxg5 44. Rg6+ Kh7 45. Rxg5 Ne3+ 46. Bxe3 Bxe3 47. Nf4 Bxf4 48. gxf4 Rxf4 49. Kg3 Rd4 50. Rf5 Kg6 51. Rf4 Rd2 52. Rf2 Rd1 53. Kf4 Re1 54. Rg2+ Kf7 55. Rc2 a5 56. Rc7+ Ke6 57. Rc6+ Ke7 58. Rc5 a4 59. Kf5 Rf1+ 60. Ke4 Rd1 61. Rb5 Ke6 62. Rb6+ Ke7 63. e6 Rd2 64. Ke3 Rd5 65. Rb4 Ra5 66. Rb6 Ra8 67. Ke4 Ra5 68. Kd4 Ra8 69. Kc4 Ra5 70. Kb4 Ra8 71. Kc4 Ra5 72. Rb5 Ra8 73. Kb4 Kxe6 74. Ra5 Rb8+ 75. Kc3 Rc8+ 76. Kd3 Rd8+ 77. Kc2 Rc8+ 78. Kd2 Rd8+ 79. Kc3 Rc8+ 80. Kd3 Rb8 81. Kc2 Rc8+ 82. Kb1 Rc4 83. Rb5 Kd6 84. Ka2 Kc6 85. Rb8 Rh4 86. Rb4 Rxb4 87. axb4 Kb6 88. Ka3 1/2-1/2

[Event "7th Paul Keres Memorial Festival 2026 Rapid"]
[Site "ESTONIA Resort Hotel & Spa conference center, EE"]
[Date "2026.08.02"]
[Round "5"]
[White "Praczukowski, Stanislaw"]
[Black "Jakubowski, Krzysztof"]
[Result "0-1"]
[Board "6"]
[TimeControl "12+3"]
[WhiteFideId "1182730"]
[BlackFideId "1112848"]
[WhiteElo "2153"]
[BlackElo "2365"]
[BlackTitle "GM"]
[WhiteClock "0:01:53"]
[BlackClock "0:04:11"]
[Variant "Standard"]
[EndDate "2026.08.02"]
[EndTime "10:25:31"]

1. d4 Nf6 2. Nf3 e6 3. g3 d5 4. Bg2 b5 5. O-O Be7 6. Bg5 Nbd7 7. a4 b4 8. Nbd2 O-O 9. Nb3 c5 10. dxc5 Nxc5 11. Bxf6 gxf6 12. Nfd4 Bb7 13. Qd2 Nxb3 14. cxb3 Rc8 15. Rac1 Qd6 16. Rfd1 f5 17. e3 Rxc1 18. Rxc1 Rc8 19. Bf1 Rxc1 20. Qxc1 Qc5 21. Qxc5 Bxc5 22. Bb5 Kf8 23. Kg2 a6 24. Bd3 Be7 25. Kf1 Bf6 26. f4 Ke7 27. Ke2 Kd6 28. Kd2 Kc5 29. Nf3 h6 30. Kc2 a5 31. Bb5 d4 32. exd4+ Bxd4 33. Nxd4 Kxd4 34. Be8 f6 35. Bf7 Be4+ 36. Kd2 Bd5 37. Kc2 Ke3 38. Bg8 Kf3 39. Bf7 Kg2 40. g4 fxg4 0-1

[Event "7th Paul Keres Memorial Festival 2026 Rapid"]
[Site "ESTONIA Resort Hotel & Spa conference center, EE"]
[Date "2026.08.02"]
[Round "5"]
[White "Maltsevskaya, Aleksandra"]
[Black "Jakubowska, Anna"]
[Result "1-0"]
[Board "7"]
[TimeControl "12+3"]
[WhiteFideId "24174041"]
[BlackFideId "1121952"]
[WhiteElo "2369"]
[BlackElo "2046"]
[WhiteTitle "IM"]
[BlackTitle "WIM"]
[WhiteClock "0:04:19"]
[BlackClock "0:00:07"]
[Variant "Standard"]
[EndDate "2026.08.02"]
[EndTime "10:25:48"]

1. e4 c6 2. d4 d5 3. e5 Bf5 4. Nd2 e6 5. g4 Bg6 6. Ne2 h6 7. c3 c5 8. Nf4 Bh7 9. a3 Nc6 10. Nf3 cxd4 11. cxd4 Be4 12. Bg2 Qb6 13. Ne2 h5 14. gxh5 Nge7 15. b4 Nf5 16. Be3 O-O-O 17. Ng3 f6 18. exf6 gxf6 19. Nxe4 dxe4 20. Nd2 Nxe3 21. fxe3 f5 22. Nc4 Qb5 23. Qe2 Kb8 24. O-O Bg7 25. Rac1 Bh6 26. Kh1 Nxd4 27. exd4 Bxc1 28. Rxc1 Rxd4 29. Bf1 f4 30. Qg4 Qd5 31. Qxf4+ Ka8 32. Qe5 Rxh5 33. Nb6+ axb6 34. Rc8+ Ka7 35. Qb8# 1-0

[Event "7th Paul Keres Memorial Festival 2026 Rapid"]
[Site "ESTONIA Resort Hotel & Spa conference center, EE"]
[Date "2026.08.02"]
[Round "5"]
[White "Voropaiev, Illia"]
[Black "Krivonosov, Oleg"]
[Result "1/2-1/2"]
[Board "8"]
[TimeControl "12+3"]
[WhiteFideId "34175083"]
[BlackFideId "11600349"]
[WhiteElo "1978"]
[BlackElo "2358"]
[BlackTitle "IM"]
[WhiteClock "0:11:20"]
[BlackClock "0:11:43"]
[Variant "Standard"]
[EndDate "2026.08.02"]
[EndTime "10:04:06"]

1. e4 e5 2. Nf3 Nc6 3. Bc4 Bc5 4. d3 d6 5. O-O h6 6. c3 Nf6 7. Nbd2 O-O 8. h3 a6 9. Bb3 Ba7 10. Re1 Re8 11. Nf1 Be6 1/2-1/2

[Event "7th Paul Keres Memorial Festival 2026 Rapid"]
[Site "ESTONIA Resort Hotel & Spa conference center, EE"]
[Date "2026.08.02"]
[Round "5"]
[White "Pakalns, Raivis Kristians"]
[Black "Dubrovin, Robert"]
[Result "0-1"]
[Board "9"]
[TimeControl "12+3"]
[WhiteFideId "11607483"]
[BlackFideId "4501829"]
[WhiteElo "1995"]
[BlackElo "2268"]
[WhiteClock "0:00:12"]
[BlackClock "0:00:26"]
[Variant "Standard"]
[EndDate "2026.08.02"]
[EndTime "10:30:26"]

1. e4 e6 2. Qe2 c5 3. f4 Nc6 4. Nf3 g6 5. g3 Bg7 6. Bg2 d6 7. O-O Nge7 8. c3 O-O 9. Na3 b6 10. Nc2 Bb7 11. d4 Qd7 12. Rd1 cxd4 13. cxd4 Rac8 14. Bd2 Rfe8 15. Bc3 f5 16. e5 Nd5 17. Ne3 Nxc3 18. bxc3 Na5 19. Rac1 d5 20. Bf1 Bf8 21. Qb2 Nc4 22. Nxc4 dxc4 23. Bg2 Be7 24. Ne1 Red8 25. Rb1 Bxg2 26. Nxg2 g5 27. Qb5 Qb7 28. Re1 Rd5 29. Qb2 Rd7 30. Qb5 Kh8 31. Rbd1 Rd5 32. Qb2 Rg8 33. Ne3 Rd7 34. Ng2 b5 35. Rb1 a6 36. a4 Rb8 37. axb5 axb5 38. Re2 Qf3 39. Rf2 Qe4 40. Re2 Qc6 41. Qd2 h6 42. fxg5 hxg5 43. h4 Qf3 44. Qe3 Qg4 45. hxg5 Bxg5 46. Nf4 Rg7 47. Rh2+ Kg8 48. Rhb2 Bxf4 49. Qxf4 Qxf4 0-1

[Event "7th Paul Keres Memorial Festival 2026 Rapid"]
[Site "ESTONIA Resort Hotel & Spa conference center, EE"]
[Date "2026.08.02"]
[Round "6"]
[White "Kazakouski, Valery"]
[Black "Laurusas, Tomas"]
[Result "1-0"]
[Board "1"]
[TimeControl "12+3"]
[WhiteFideId "13507443"]
[BlackFideId "12803731"]
[WhiteElo "2528"]
[BlackElo "2462"]
[WhiteTitle "GM"]
[BlackTitle "GM"]
[WhiteClock "0:00:10"]
[BlackClock "0:00:05"]
[Variant "Standard"]
[EndDate "2026.08.02"]
[EndTime "11:06:29"]

1. d4 d5 2. c4 c6 3. cxd5 cxd5 4. Nc3 Nf6 5. Nf3 e6 6. Bf4 Bd6 7. e3 Nc6 8. Rc1 O-O 9. a3 Qe7 10. Bd3 Bd7 11. O-O Rfc8 12. Ne5 Be8 13. Bg3 Nd7 14. f4 f6 15. Nxc6 Rxc6 16. e4 Nb6 17. e5 fxe5 18. fxe5 Bc7 19. Qc2 h6 20. Bh4 g5 21. Bg3 Nc4 22. Rf6 Bb6 23. Qf2 Nxb2 24. Qxb2 Bxd4+ 25. Bf2 Bxe5 26. Rxh6 Rac8 27. Qe2 Bg7 28. Bh7+ Kf8 29. Rf1 Bf7 30. Bg6 Rxc3 31. Bxf7 Bxh6 32. Bxe6 Rc1 33. Be1+ Kg7 34. Qe5+ Kg6 35. Bf5+ 1-0

[Event "7th Paul Keres Memorial Festival 2026 Rapid"]
[Site "ESTONIA Resort Hotel & Spa conference center, EE"]
[Date "2026.08.02"]
[Round "6"]
[White "Shirov, Alexei"]
[Black "Lagarde, Maxime"]
[Result "1/2-1/2"]
[Board "2"]
[TimeControl "12+3"]
[WhiteFideId "2209390"]
[BlackFideId "662399"]
[WhiteElo "2616"]
[BlackElo "2599"]
[WhiteTitle "GM"]
[BlackTitle "GM"]
[WhiteClock "0:01:08"]
[BlackClock "0:00:50"]
[Variant "Standard"]
[EndDate "2026.08.02"]
[EndTime "11:05:43"]

1. e4 c5 2. Nf3 e6 3. d4 cxd4 4. Nxd4 Nc6 5. Nc3 Bc5 6. Ndb5 Nf6 7. Nd6+ Ke7 8. Nxc8+ Rxc8 9. Bd3 a6 10. O-O d6 11. Kh1 h6 12. f4 b5 13. Qe1 Qc7 14. a4 b4 15. Nd5+ exd5 16. exd5+ Kf8 17. dxc6 Qxc6 18. Bd2 Re8 19. Qg3 d5 20. Rae1 Ne4 21. Bxe4 dxe4 22. f5 Qf6 23. Qb3 Kg8 24. Bxb4 Bxb4 25. Qxb4 Kh7 26. Rxe4 Rb8 27. Qc3 Qxc3 28. bxc3 Rhc8 29. f6 g5 30. h4 Kg6 31. hxg5 hxg5 32. Rf3 Rc5 33. Rb4 Re8 34. Kh2 Rec8 35. Rb6 R8c6 36. Rb8 Rc8 37. Rxc8 Rxc8 38. Rd3 Rc4 39. Rd4 Rxc3 40. Rd6 a5 41. Rd5 Rxc2 42. Rxa5 1/2-1/2

[Event "7th Paul Keres Memorial Festival 2026 Rapid"]
[Site "ESTONIA Resort Hotel & Spa conference center, EE"]
[Date "2026.08.02"]
[Round "6"]
[White "Fridman, Daniel"]
[Black "Dubrovin, Robert"]
[Result "1/2-1/2"]
[Board "3"]
[TimeControl "12+3"]
[WhiteFideId "11600454"]
[BlackFideId "4501829"]
[WhiteElo "2555"]
[BlackElo "2268"]
[WhiteTitle "GM"]
[WhiteClock "0:00:09"]
[BlackClock "0:00:16"]
[Variant "Standard"]
[EndDate "2026.08.02"]
[EndTime "11:10:47"]

1. d4 e6 2. c4 Nf6 3. Nf3 b6 4. g3 Bb7 5. Bg2 Be7 6. O-O O-O 7. Re1 c5 8. d5 exd5 9. Nh4 Ne4 10. cxd5 Bxh4 11. Bxe4 Bf6 12. Nc3 d6 13. Bf4 a6 14. a4 Qc7 15. Qc2 g6 16. Bg2 Nd7 17. Ne4 Be5 18. Bxe5 Nxe5 19. b4 Bc8 20. a5 Bf5 21. axb6 Qxb6 22. bxc5 Bxe4 23. Bxe4 dxc5 24. Qc3 Qd6 25. Ra5 Nd7 26. Bg2 f5 27. e4 fxe4 28. Rxe4 Rae8 29. Qc4 Rxe4 30. Bxe4 Rf6 31. f4 Kg7 32. Ra1 h6 33. Bg2 Qe7 34. Qc3 Kh7 35. Re1 Qd6 36. Bh3 Nf8 37. Be6 Kg7 38. Re5 h5 39. h3 c4 40. Qxc4 h4 41. g4 Qa3 42. Re2 Qg3+ 43. Rg2 Qe1+ 44. Kh2 Nxe6 45. dxe6 Rxe6 46. Qd4+ Kh7 47. Rf2 Qe3 48. Qxe3 Rxe3 49. Kg2 Rg3+ 50. Kh2 Ra3 51. f5 gxf5 52. Rxf5 Ra2+ 53. Kg1 Ra1+ 54. Kf2 Ra2+ 55. Ke1 Kg6 56. Rh5 a5 57. Kd1 a4 58. Kc1 a3 59. Kb1 Rb2+ 60. Ka1 Rh2 61. Rxh4 Kg5 62. Rh8 Kf4 63. Rh5 Rg2 64. Kb1 Rb2+ 65. Ka1 Rg2 66. Ra5 Rg3 67. Ra4+ Kg5 68. Ra5+ Kf4 69. Rh5 Rg2 70. Rh8 Ke4 71. Re8+ Kd4 72. Rh8 Kc3 73. Rf8 Rg3 74. Rh8 Rg2 75. Rb8 Rh2 76. Rc8+ Kb3 77. Rb8+ Kc3 78. Rh8 Kb3 79. Rb8+ Kc3 1/2-1/2